AoeStats
← Estatico1

Pilgrims

508345600Analyzed
2v2 RM · 10d ago on Sep 22, 2026· 51m 33s· 4 players
Game mode
Random Map
Map size
Medium (4 player)
Population
200
Speed
Normal
Resources
Standard
Victory
Conquest
Starting age
Dark Age
Ending age
Imperial Age
RankedLock teamsTeams togetherTeam positionsShared explorationLock speedFull tech treeHidden civsTurbo modeCheats
Victory
Defeat
🇨🇦 Armenians · Canada
1172
+16
🇺🇸 Armenians · United States
1158
+17
🇦🇷 Chinese · Argentina
1179
-17
🇦🇷 Wu · Argentina
1178
-16
You
5:43 Loom
10:39 Feudal Age
11:20 Man-at-Arms
12:33 Double-Bit Axe
12:39 Arson
12:32 Long Swordsman
14:46 Wheelbarrow
16:42 Forging
16:32 Scale Mail Armor
18:46 Fishing Lines
23:46 Castle Age
21:59 Fletching
22:09 Padded Archer Armor
23:49 Elite Skirmisher
24:41 Bodkin Arrow
25:01 Leather Archer Armor
25:14 Squires
25:00 Gambesons
25:54 Two-Handed Swordsman
27:02 Ballistics
29:50 Bow Saw
30:31 Champion
31:29 Gillnets
39:15 Imperial Age
40:02 Gold Mining
40:51 Iron Casting
41:58 Bracer
42:29 Ring Archer Armor
43:00 Blast Furnace
44:54 Fereters
45:53 Coinage
45:45 Chain Mail Armor
46:00 Conscription
47:31 Gold Shaft Mining
BananaslugBen
2:39 Loom
10:40 Feudal Age
12:02 Wheelbarrow
12:05 Double-Bit Axe
12:23 Fishing Lines
14:54 Forging
19:32 Castle Age
19:02 Fletching
20:40 Medium Warships
21:16 Hand Cart
24:14 Redemption
26:17 Town Watch
36:50 Town Patrol
41:03 Gillnets
41:39 Bloodlines
42:46 Husbandry
43:02 Scale Barding Armor
44:04 Iron Casting
44:42 Chain Barding Armor
47:53 Imperial Age
45:37 Bodkin Arrow
50:58 Onager
51:11 Cavalier
52:13 Bow Saw
51:55 Gold Mining
51:56 Stone Mining
51:48 Horse Collar
^La Nutria Excitadora^
12:00 Feudal Age
16:55 Fletching
21:08 Castle Age
19:46 Double-Bit Axe
21:56 Crossbowman
23:58 Fletching
24:05 Elite Skirmisher
32:00 Loom
33:33 Town Watch
50:04 Horse Collar
Estatico1
5:02 Loom
10:33 Feudal Age
15:31 Castle Age
20:33 Fletching
25:56 Bodkin Arrow
35:45 Ballistics
36:59 Padded Archer Armor
39:18 Leather Archer Armor
45:31 Imperial Age
45:41 Gold Mining
46:25 Bracer
47:31 Chemistry
47:31 Thumb Ring
47:24 Horse Collar
Connection lost

Rejoining the realm…

Still unreachable

The connection could not be restored.

Session expired

The server has moved on; the page needs a fresh start.